 Dungeon Crawl Stone Soup version 0.23.1 (webtiles) character file.

Game seed: 9388934670829198049

5044 Borgoz the Ducker (level 10, -4/84 HPs)
             Began as a Ghoul Monk on Mar 17, 2019.
             Was a Believer of Ashenzari.
             Killed by the air
             ... invoked by Gastronok
              (14 damage)
             ... on level 8 of the Dungeon.
             The game lasted 00:20:54 (9336 turns).

Borgoz the Ducker (Ghoul Monk)                      Turns: 9336, Time: 00:20:55

Health: -4/84      AC: 15    Str: 19 (21) XL:     10   Next: 55%
Magic:  9/9        EV: 14    Int: 11      God:    Ashenzari [**....]
Gold:   407        SH:  0    Dex: 11 (12) Spells: 9/9 levels left

rFire    . . .     SeeInvis +   b - +1 rapier
rCold    + . .     Gourm    .   (no shield)
rNeg     + + +     Faith    .   w - +5 ring mail of Muttered Phrases {+Inv Regen+ Int+4}
rPois    ∞         Spirit   .   (no helmet)
rElec    .         Reflect  .   v - +0 cloak
rCorr    .         Harm     .   n - +0 pair of gloves
MR       .....                  i - +0 pair of boots
Stlth    +++.......             (no amulet)
HPRegen  0.00/turn              D - +5 ring of strength
MPRegen  0.11/turn              h - ring of see invisible

@: about to teleport, rotting, slowed, very slow
A: rotting body, claws 1, carnivore, cold resistance 1, negative energy
resistance 3, inhibited regeneration, torment resistance, unbreathing
a: Curse Item, Scrying, Renounce Religion, Evoke Invisibility


You were on level 8 of the Dungeon.
You worshipped Ashenzari.
Ashenzari was pleased with you.
You were not hungry.

You visited 2 branches of the dungeon, and saw 10 of its levels.

You collected 407 gold pieces.

Inventory:

Hand Weapons
 a - a +1 dagger of flaming
 b - a +1 rapier (weapon)
 u - a +3 quarterstaff of chaos
Missiles
 l - 8 tomahawks (quivered)
 A - 5 javelins of penetration
Armour
 i - a +0 pair of boots (worn)
 n - a +0 pair of gloves (worn)
 v - a +0 cloak (worn)
 w - the +5 ring mail of Muttered Phrases (worn) {+Inv Regen+ Int+4}
   (You found it on level 4 of the Dungeon)

   It affects your intelligence (+4).
   It lets you turn invisible.
   It increases your rate of regeneration.
Jewellery
 h - a ring of see invisible (right hand)
 D - a +5 ring of strength (left hand)
Wands
 k - a wand of enslavement (13)
 q - a wand of polymorph (6)
 G - a wand of clouds (3)
Scrolls
 e - 2 scrolls of fear
 f - 3 scrolls of teleportation
 g - 3 scrolls of enchant armour
 j - 3 scrolls of remove curse
 m - a scroll of fog
 r - a scroll of amnesia
 t - a scroll of blinking
 x - a scroll of magic mapping
Potions
 d - a potion of haste
 s - 3 potions of brilliance
 F - a potion of resistance
Comestibles
 c - 14 rations
 o - 6 chunks of flesh


   Skills:
 + Level 6.6 Fighting
 * Level 7.5 Short Blades
 * Level 6.9 Armour
 * Level 7.7 Dodging
 + Level 6.7 Stealth


You had 9 spell levels left.
You didn't know any spells.
Your spell library was empty.

Dungeon Overview and Level Annotations

Branches:
Dungeon (9/15)             Temple (1/1) D:7
   Lair: D:8-11         Orc: D:9-12

Altars:
Ashenzari
Cheibriados
Dithmenos
Elyvilon
Fedhas
Gozag
Hepliaklqana
Kikubaaqudgha
Makhleb
Nemelex Xobeh
Okawaru
Qazlal
Ru
Sif Muna
Trog
Uskayaw
Vehumet
Wu Jian
Xom
Yredelemnul
Zin
The Shining One

Shops:
D:4 (   D:5 ?

Annotations:
D:8 Gastronok


Innate Abilities, Weirdness & Mutations

Your body is rotting away.
You thrive on raw meat.
You are immune to poison.
You have sharp fingernails.
You are carnivorous and can eat meat at any time.
Your flesh is cold resistant. (rC+)
You are immune to negative energy. (rN+++)
You do not regenerate when monsters are visible.
You are immune to unholy pain and torment.
You can survive without breathing.


Message History

Eat one of 7 chunks of flesh? (ye/n/q)
You eat one of the 7 chunks of flesh.
This raw flesh tastes great!
The manticore bites you!
* * * LOW HITPOINT WARNING * * *
The manticore claws you.
* * * LOW HITPOINT WARNING * * *
The manticore claws you.
* * * LOW HITPOINT WARNING * * *
The manticore bites you!
* * * LOW HITPOINT WARNING * * *
The manticore completely misses you.
The manticore claws you but does no damage.
As you read the scroll of fear, it crumbles to dust.
You assume a fearsome visage.
The manticore looks frightened!
Gastronok resists with almost no effort.
As you read the scroll of teleportation, it crumbles to dust.
You feel strangely unstable.
Cornered, the manticore turns to fight!
Gastronok waves his eye-stalks in wide circles.
The air twists around and strikes you!
You die...

.
#####..w.....#.#
##...###...#
*#..#...#..# ,
,....###..#..# ,
,.....#.#.#.#..#
.....# #.###...#
,....# #.#
#.#..# .... ..#
#..#w.# ... #.#
#.#.#@.# , ..#
#:###..H# , .#
#.# #..### , ..#
#..#* * .. #.%#*
#..#* ...# * ###


You could see Gastronok and a manticore.

Vanquished Creatures
  A two-headed ogre (D:8)
  An unseen horror (D:6)
  Prince Ribbit (D:7)
  4 hornets (D:8)
  A wyvern (D:8)
  A soldier ant (D:8)
  A water moccasin (D:9)
  An orc warrior (D:7)
  An ice beast (D:5)
  3 phantoms
  An ogre (D:4)
  3 centaurs
  9 scorpions (D:6)
  A water moccasin skeleton (D:6)
  4 killer bees (D:8)
  4 howler monkeys
  2 crimson imps
  A bullfrog zombie (D:5)
  7 orc wizards
  4 orc priests
  Crazy Yiuf (D:5)
  2 hounds (D:7)
  A jelly (D:6)
  4 worker ants
  A killer bee zombie (D:6)
  A worker ant zombie (D:5)
  18 adders
  4 gnolls (D:4)
  3 shadow imps
  2 oozes
  2 adder skeletons (D:7)
  5 dart slugs
  2 leopard geckos (D:1)
  28 orcs
  15 bats
  4 giant cockroaches
  4 goblins
  7 hobgoblins
  22 jackals
  2 quokkas
  A ball python (D:2)
  A ball python skeleton (D:4)
  A frilled lizard (D:1)
  A jackal skeleton (D:5)
  9 kobolds
  A leopard gecko zombie (D:5)
  A quokka skeleton (D:4)
  A quokka zombie (D:5)
  3 rats
198 creatures vanquished.

Vanquished Creatures (others)
  An orc (D:8)
  A quokka (D:8)
  3 fungi (D:6)
5 creatures vanquished.

Grand Total: 203 creatures vanquished

Notes
Turn   | Place    | Note
-------+----------+-------------------------------------------
     0 | D:1      | Borgoz the Ghoul Monk began the quest for the Orb.
     0 | D:1      | Reached XP level 1. HP: 19/19 MP: 0/0
    57 | D:1      | Reached XP level 2. HP: 13/26 MP: 1/1
   324 | D:1      | Reached skill level 1 in Armour
   330 | D:1      | Reached XP level 3. HP: 24/31 MP: 2/2
   717 | D:2      | Reached XP level 4. HP: 31/37 MP: 3/3
   779 | D:2      | Found a bloodstained altar of Trog.
   828 | D:2      | Found an ornate altar of the Wu Jian Council.
  1063 | D:2      | Found a snail-covered altar of Cheibriados.
  1349 | D:2      | Reached XP level 5. HP: 40/46 MP: 4/4
  1575 | D:3      | Found a sparkling altar of Nemelex Xobeh.
  2143 | D:4      | Noticed a phantom
  2212 | D:4      | Killed a phantom
  2212 | D:4      | Reached XP level 6. HP: 23/52 MP: 5/5
  2526 | D:4      | Found a sacrificial altar of Ru.
  2582 | D:4      | Found a deep blue altar of Sif Muna.
  2742 | D:4      | Got an aquamarine-encrusted ring mail
  2753 | D:4      | Identified the +5 ring mail of Muttered Phrases {+Inv
                  | Regen+ Int+4} (You found it on level 4 of the Dungeon)
  2972 | D:5      | Entered Level 5 of the Dungeon
  2997 | D:4      | Reached XP level 7. HP: 25/59 MP: 6/6
  3183 | D:4      | Found Itomaohi's Antique Weapon Shoppe.
  3439 | D:4      | Found an ancient bone altar of Kikubaaqudgha.
  3724 | D:5      | Reached XP level 8. HP: 25/67 MP: 7/7
  3758 | D:5      | Reached skill level 5 in Dodging
  4264 | D:5      | Found a shadowy altar of Dithmenos.
  4310 | D:5      | Found Mumel's Magic Scroll Shoppe.
  4468 | D:5      | Found a runed translucent door.
  4469 | D:5      | Noticed Crazy Yiuf
  4513 | D:5      | Found a shimmering altar of Xom.
  4675 | D:5      | Killed Crazy Yiuf
  4767 | D:6      | Reached skill level 5 in Short Blades
  5053 | D:6      | Reached skill level 5 in Fighting
  5191 | D:6      | Found a glowing golden altar of the Shining One.
  5192 | D:6      | Noticed an unseen horror
  5230 | D:6      | Killed an unseen horror
  5230 | D:6      | Reached skill level 5 in Armour
  5230 | D:6      | Reached skill level 5 in Stealth
  5230 | D:6      | Reached XP level 9. HP: 37/74 MP: 8/8
  5344 | D:6      | Found a glowing silver altar of Zin.
  5483 | D:6      | Found a radiant altar of Vehumet.
  5496 | D:6      | Got a slimy leather armour
  6675 | D:7      | Noticed Prince Ribbit
  6742 | D:7      | Identified the +1 leather armour of Piycomm {rPois rCorr
                  | Slay-3} (You found it on level 6 of the Dungeon)
  6754 | D:7      | Found a staircase to the Ecumenical Temple.
  6892 | Temple   | Entered the Ecumenical Temple
  7124 | Temple   | Became a worshipper of Ashenzari the Shackled
  7124 | Temple   | Reached * piety under Ashenzari
  7124 | Temple   | Reached ** piety under Ashenzari
  7550 | D:7      | Killed Prince Ribbit
  8124 | D:8      | Found a white marble altar of Elyvilon.
  8213 | D:8      | Noticed a hornet
  8213 | D:8      | Noticed a hornet
  8213 | D:8      | Noticed a hornet
  8217 | D:8      | Killed a hornet
  8245 | D:8      | Killed a hornet
  8245 | D:8      | Reached XP level 10. HP: 60/83 MP: 9/9
  8556 | D:8      | Noticed Gastronok
  8557 | D:8      | Noticed a two-headed ogre
  8606 | D:8      | Killed a two-headed ogre
  9313 | D:8      | Noticed a manticore
  9336 | D:8      | Killed from afar by Gastronok

Skill      XL: |  1  2  3  4  5  6  7  8  9 10 |
---------------+-------------------------------+-----
Short Blades   | 3 4 5 6 7 |  7.5
Dodging        | 3 4 6 7 |  7.7
Armour         | 1 2 3 5 6 |  6.9
Stealth        | 3 4 5 6 |  6.7
Fighting       | 4 5 6 |  6.6

Action                   |  1- 3 |  4- 6 |  7- 9 | 10-12 || total
-------------------------+-------+-------+-------+-------++-------
Melee: Short sword       |    14 |       |       |       ||    14
       Dagger            |   100 |   327 |   732 |       ||  1159
       Rapier            |       |    15 |   284 |   180 ||   479
Evoke: Wand              |       |       |     4 |     8 ||    12
  Use: Potion            |       |     1 |     7 |     2 ||    10
       Scroll            |       |       |     5 |    13 ||    18
 Stab: Sleeping          |       |     2 |     3 |       ||     5
       Paralysed         |       |       |     3 |       ||     3
       Confused          |       |       |       |     3 ||     3
  Eat: Chunk             |    13 |    23 |    50 |    11 ||    97
Armor: Robe              |    18 |    18 |       |       ||    36
       Leather armour    |       |     8 |       |       ||     8
       Ring mail         |       |    71 |   389 |    73 ||   533
Dodge: Dodged            |    64 |   198 |   598 |   164 ||  1024
